 Dungeon Crawl Stone Soup version 0.23.2-1-ga50397a (webtiles) character file.

Game seed: 10195345657656448325

240 night the Ruffian (level 6, -6/34 HPs)
             Began as a Gargoyle Transmuter on May 2, 2019.
             Was an Initiate of Makhleb.
             Mangled by an ogre
             ... wielding a +0 giant club
              (16 damage)
             ... on level 4 of the Dungeon.
             The game lasted 00:07:24 (3646 turns).

night the Ruffian (Gargoyle Transmuter)             Turns: 3646, Time: 00:07:25

Health: -6/34      AC:  7    Str: 20    XL:     6   Next: 8%
Magic:  9/9        EV: 12    Int: 13    God:    Makhleb [......]
Gold:   163        SH:  0    Dex: 10    Spells: 1/9 levels left

rFire    . . .     SeeInvis .     - Unarmed
rCold    . . .     Gourm    .   (no shield)
rNeg     + . .     Faith    .   b - +0 robe
rPois    ∞         Spirit   .   (no helmet)
rElec    +         Reflect  .   o - +0 cloak
rCorr    .         Harm     .   (no gloves)
MR       .....                  (no boots)
Stlth    +.........             (no amulet)
HPRegen  0.11/turn              m - +4 ring of strength
MPRegen  0.11/turn              (no ring)

@: appendage (expiring)
A: horns 2, negative energy resistance 1, electricity resistance, unbreathing,
petrification resistance, rot immunity, AC +4
a: End Transformation, Renounce Religion


You were on level 4 of the Dungeon.
You worshipped Makhleb.
Makhleb was noncommittal.
You were not hungry.
You had grown temporary horns.
You visited 1 branch of the dungeon, and saw 4 of its levels.

You collected 163 gold pieces.

Inventory:

Missiles
 a - 34 arrows
 f - 203 stones (quivered)
 j - 44 bolts
Armour
 b - a +0 robe (worn)
 o - a +0 cloak (worn)
Jewellery
 c - an uncursed ring of fire
 m - a +4 ring of strength (left hand)
Scrolls
 e - 2 scrolls of identify {unknown}
 g - a scroll of remove curse {unknown}
 n - 2 scrolls of amnesia {unknown}
Potions
 h - a potion of curing {unknown}
 i - 2 potions of resistance {unknown}
 k - 2 potions of ambrosia {unknown}
 l - 2 potions of heal wounds {unknown}
 p - a potion of flight {unknown}
 r - a potion of agility {unknown}
Comestibles
 d - 13 rations


   Skills:
 - Level 1.1 Fighting
 - Level 1.5 Dodging
 * Level 5.7 Unarmed Combat
 - Level 2.0 Spellcasting
 + Level 3.1 Transmutations


You had one spell level left.
You knew the following spells:

 Your Spells              Type           Power        Failure   Level  Hunger
a - Beastly Appendage     Tmut           #.....       7%          1    ##.....
b - Sticks to Snakes      Tmut           #.......     11%         2    ###....
c - Blade Hands           Tmut           #.........   89%         5    ######.

Your spell library contained the following spells:

 Spells                   Type           Power        Failure   Level  Hunger
 Spider Form              Tmut/Pois      #.........   38%         3    ####...
 Ice Form                 Ice/Tmut       #.......     80%         4    #####..


Dungeon Overview and Level Annotations

Branches:
Dungeon (4/15)
 Temple: D:4-7

Altars:
Makhleb

Annotations:
D:3 3 runed translucent doors, RatmanManrat's ghost, amateur MiBe


Innate Abilities, Weirdness & Mutations

You are resistant to torment.
Your stone body is resilient. (AC +4)
You are immune to poison.
You resist negative energy. (rN+)
You are resistant to electric shocks. (rElec)
You can survive without breathing.
You are immune to petrification.
You are immune to rotting.
You have a pair of horns on your head.


Message History

The adder is severely wounded.
The adder bites you but does no damage. x2
You punch the adder!
You kill the adder!
Makhleb accepts your kill.
You hit the ogre.
You headbutt the ogre, but do no damage.
The ogre is moderately wounded.
The ogre hits you with a +0 giant club!
You barely miss the ogre.
The ogre is moderately wounded.
Your transformation is almost over.
You hit the ogre.
The ogre is moderately wounded.
The ogre hits you with a +0 giant club!
* * * LOW HITPOINT WARNING * * *
You closely miss the ogre.
The ogre is moderately wounded.
The ogre hits you with a +0 giant club!
You die...

#O. # #.# #.
.#.#
.##.#####.#S#
.....)... ..##..
....:...###.##.#
#.......(.##..
#####O###.##.#
#@# #.##.# #.#
#.##.# #.#
#.##.# #.#
#.##<# #.#
#.##.# #.#
#....# #.#
#..### #.# #..#
#..#


You could see an ogre.

Vanquished Creatures
  6 adders
  An ooze (D:3)
  3 worms
  4 dart slugs
  3 leopard geckos
  2 orcs (D:3)
  2 ball pythons
  7 giant cockroaches
  4 goblins
  14 hobgoblins
  4 jackals
  8 kobolds
  3 quokkas (D:2)
  4 bats
  2 frilled lizards (D:1)
  7 rats
74 creatures vanquished.

Vanquished Creatures (collateral kills)
  Sigmund (D:2)
1 creature vanquished.

Grand Total: 75 creatures vanquished

Notes
Turn   | Place    | Note
-------+----------+-------------------------------------------
     0 | D:1      | night the Gargoyle Transmuter began the quest for the Orb.
     0 | D:1      | Reached XP level 1. HP: 12/12 MP: 3/3
   102 | D:1      | Reached XP level 2. HP: 16/16 MP: 5/5
   419 | D:1      | Learned a level 2 spell: Sticks to Snakes
   745 | D:1      | Reached XP level 3. HP: 16/20 MP: 6/6
  1078 | D:2      | Reached skill level 4 in Unarmed Combat
  1344 | D:2      | Reached XP level 4. HP: 13/25 MP: 7/7
  1881 | D:2      | Noticed Sigmund
  1916 | D:2      | Killed Sigmund
  1916 | D:2      | Reached skill level 5 in Unarmed Combat
  1916 | D:2      | Reached XP level 5. HP: 8/29 MP: 4/8
  2229 | D:2      | Learned a level 5 spell: Blade Hands
  2442 | D:3      | Found a runed translucent gate.
  2442 | D:3      | Found a runed translucent gate.
  2442 | D:3      | Found a runed translucent gate.
  3034 | D:3      | Found a burning altar of Makhleb.
  3043 | D:3      | Became a worshipper of Makhleb the Destroyer
  3255 | D:3      | Noticed RatmanManrat's ghost (amateur MiBe)
  3367 | D:3      | Reached XP level 6. HP: 29/34 MP: 9/9
  3646 | D:4      | Mangled by an ogre

Skill      XL: |  1  2  3  4  5 |
---------------+----------------+-----
Transmutations | 2 3 |  3.1
Unarmed Combat | 4 5 |  5.7
Fighting       | |  1.1
Dodging        | |  1.5
Spellcasting   | |  2.0

Action                   |  1- 3 |  4- 6 || total
-------------------------+-------+-------++-------
Melee: Unarmed           |   151 |   130 ||   281
       Punch             |     2 |     2 ||     4
       Headbutt          |       |     2 ||     2
Throw: Stone             |       |     5 ||     5
 Cast: Sticks to Snakes  |       |     2 ||     2
       Beastly Appendage |       |     1 ||     1
 Stab: Sleeping          |     2 |       ||     2
  Eat: Chunk             |     1 |     8 ||     9
Armor: Robe              |    38 |    38 ||    76
Dodge: Dodged            |    99 |    58 ||   157
